 Dungeon Crawl Stone Soup version 0.27-a0-1273-gec92ba881d (webtiles) character file.

Game seed: 15194404206434020471

557 freelancePsychic the Vandal (level 7, 0/48 HPs)
             Began as a Human Fire Elementalist on June 11, 2021.
             Was a Follower of Zin.
             Slain by a phantom (4 damage)
             ... on level 5 of the Dungeon.
             The game lasted 00:11:39 (6200 turns).

freelancePsychic the Vandal (HuFE)                  Turns: 6200, Time: 00:11:40

Health: 0/48       AC:  3    Str:  8    XL:     7   Next: 56%
Magic:  10/12      EV: 12    Int: 18    God:    Zin [*.....]
Gold:   108        SH:  0    Dex: 13    Spells: 12/13 levels left

rFire    + . .     SeeInvis .   b - +2 hunting sling (vorpal)
rCold    + . .     Faith    .   (no shield)
rNeg     . . .     Spirit   .   a - +1 robe
rPois    .         Reflect  .   (no helmet)
rElec    .         Harm     .   k - scarf {rC+ rF+}
rCorr    .         Rampage  .   (no gloves)
Will     .....                  (no boots)
Stlth    ++........             (no amulet)
HPRegen  0.16/turn              (no ring)
MPRegen  0.13/turn              (no ring)

@: about to teleport, on recite cooldown
A: no striking features
a: Renounce Religion, Recite, Donate Gold


You were on level 5 of the Dungeon.
You worshipped Zin.
Zin was aware of your devotion.
You visited 1 branch of the dungeon, and saw 5 of its levels.

You collected 119 gold pieces.
You donated 11 gold pieces to Zin.

Inventory:

Hand Weapons
 b - a +2 vorpal hunting sling (weapon)
 c - a +0 whip
Missiles
 d - 254 stones (quivered ammo)
 m - a throwing net
Armour
 a - a +1 robe (worn)
 k - a scarf of resistance (worn)
Scrolls
 e - a scroll of identify {unknown}
 g - a scroll of fog
 l - 4 scrolls of teleportation {@r4}
Potions
 f - a potion of curing {@q1}
 i - 2 potions of magic {unknown}
 n - a potion of haste {unknown}
 o - a potion of brilliance {unknown}


   Skills:
 + Level 1.0 Fighting
 - Level 4.0 Slings
 - Level 2.0 Dodging
 - Level 2.0 Stealth
 - Level 3.5 Spellcasting
 - Level 3.3 Conjurations
 - Level 3.2 Fire Magic
 - Level 0.6 Ice Magic
 + Level 3.5 Invocations


You had 12 spell levels left.
You knew the following spells:

 Your Spells              Type           Power      Damage    Failure   Level
a - Foxfire               Conj/Fire      60%        2x1d7     4%          1

Your spell library contained the following spells:

 Spells                   Type           Power      Damage    Failure   Level
 Conjure Flame            Conj/Fire      15%        6-21      12%         3
 Inner Flame              Hex/Fire       9%         N/A       24%         3
 Sticky Flame             Conj/Fire      15%        2d4       36%         4
 Fireball                 Conj/Fire      7%         3d5       73%         5


Dungeon Overview and Level Annotations

Branches:
Dungeon (5/15)
 Temple: D:4-7

Altars:
Fedhas
Trog
Zin
Beogh

Shops:
D:3 :

Annotations:
D:4 3 runed translucent doors, jejorda2's ghost, amateur MfBe


Message History

You shoot a stone. The stone barely misses the ogre.
An orc comes into view. It is wielding a +0 hand axe.
Casting: Foxfire (safe; 4% risk of failure)
Confirm with . or Enter, or press ? or * to list all spells.
You conjure some foxfire!
Casting: Foxfire (safe; 4% risk of failure)
Confirm with . or Enter, or press ? or * to list all spells.
You conjure some foxfire!
The foxfire hits the ogre.
The ogre is moderately wounded.
The foxfire hits the phantom.
The phantom is lightly damaged.
The ogre hits you with a +0 giant club!
Casting: Foxfire (safe; 4% risk of failure)
Confirm with . or Enter, or press ? or * to list all spells.
You conjure some foxfire!
The foxfire hits the ogre.
The ogre is heavily wounded.
The foxfire hits the ogre.
The ogre is severely wounded.
The ogre hits you with a +0 giant club!!
Ouch! That really hurt!
* * * LOW HITPOINT WARNING * * *
The foxfire hits the phantom.
The phantom is moderately damaged.
The foxfire hits the ogre.
The ogre is almost dead.
Fire: 255 stones
Press: ? - help, Q - select action, (/) - cycle Shift-Dir - straight line, f/p - ogre
Aim: an ogre, wielding a +0 giant club (almost dead, 75% to hit)
You shoot a stone. The stone hits the ogre.
You kill the ogre!
The phantom hits you. Zin protects you from harm!
The phantom blinks!
You blink.
Training target 4.0 for Slings reached!
Your Slings skill increases to level 4!
You need to enable at least one skill for training.
Your Fighting skill increases to level 1!
As you read the scroll of teleportation {@r4}, it crumbles to dust.
You feel strangely unstable. The phantom hits you.
You die...

## #### #. ..# ..##
+.####.##### ..(.
##.........# ...#
#..........# ...##
#.........# ......
#.........####....#
#..ยง...o.@##...#
#...(...W......#
#..........#...#
#..............#
#.........##..$#
########.##.######.....
...#...(##.# ###...(.#
####.#.#####.##.......###
.......#####....# ###.#


You could see a phantom and an orc.

Vanquished Creatures
  3 ogres
  A jelly (D:4)
  An orc priest (D:4)
  An iguana (D:4)
  Jessica (D:2)
  Natasha (thrice) (D:3)
  A howler monkey skeleton (D:5)
  2 adders
  2 ufetubi (D:4)
  4 dart slugs
  5 orcs
  8 endoplasms
  14 goblins
  8 hobgoblins
  3 jackals (D:4)
  4 kobolds
  2 quokkas (D:3)
  3 ball pythons
  A bat (D:2)
  5 frilled lizards
  3 rats (D:1)
75 creatures vanquished.

Vanquished Creatures (others)
  267 foxfires
267 creatures vanquished.

Grand Total: 342 creatures vanquished

Notes
Turn   | Place    | Note
-------+----------+-------------------------------------------
     0 | D:1      | freelancePsychic the Human Fire Elementalist began the
                  | quest for the Orb.
     0 | D:1      | Reached XP level 1. HP: 13/13 MP: 3/3
   448 | D:1      | Reached XP level 2. HP: 19/19 MP: 1/5
   888 | D:1      | Found a faded altar of an unknown god.
  1029 | D:1      | Became a worshipper of Zin the Law-Giver
  1029 | D:1      | Reached * piety under Zin
  1329 | D:2      | Noticed Jessica
  1333 | D:2      | Killed Jessica
  1334 | D:2      | Reached skill level 1 in Invocations
  1334 | D:2      | Reached XP level 3. HP: 24/24 MP: 2/6
  1885 | D:3      | Reached XP level 4. HP: 30/30 MP: 2/7
  2128 | D:3      | Noticed Natasha
  2133 | D:3      | Killed Natasha
  2326 | D:3      | Noticed Natasha
  2343 | D:3      | Killed Natasha
  2344 | D:3      | Reached XP level 5. HP: 16/35 MP: 1/9
  2566 | D:3      | Found a bloodstained altar of Trog.
  2777 | D:3      | Found a blossoming altar of Fedhas.
  3014 | D:3      | Noticed an ogre
  3361 | D:3      | Found Qycoth's Book Emporium.
  3809 | D:4      | Reached XP level 6. HP: 34/41 MP: 0/11
  4626 | D:4      | Found a runed translucent gate.
  4626 | D:4      | Found a runed translucent gate.
  4626 | D:4      | Noticed jejorda2's ghost (amateur MfBe)
  4626 | D:4      | Identified the +5 scale mail of the Heron {Int+5}
  4627 | D:4      | Found a runed translucent gate.
  4903 | D:5      | Entered Level 5 of the Dungeon
  4910 | D:5      | Noticed an ogre
  4937 | D:4      | Reached skill level 1 in Slings
  5325 | D:3      | Killed an ogre
  5326 | D:3      | Reached skill level 2 in Slings
  5472 | D:3      | Noticed Natasha
  5484 | D:3      | Killed Natasha
  5485 | D:3      | Reached XP level 7. HP: 20/46 MP: 8/12
  5880 | D:4      | Reached skill level 3 in Slings
  6193 | D:5      | HP: 2/46 [ogre/+0 giant club (29)]
  6199 | D:5      | Zin protects you from harm!
  6200 | D:5      | Reached skill level 4 in Slings
  6200 | D:5      | Reached skill level 1 in Fighting
  6200 | D:5      | Slain by a phantom

Illustrated notes

Levels and vault maps discovered:
D:1:      co_arrival_square_in_a_square_in_a_square, layout_basic,
          hellmonk_ecumenical_altar_run_dry, lemuel_old_faithful
D:2:      layout_loops_ring, st_stairs_13, chequers_mini_garden, uniq_jessica
D:3:      layout_rooms, lemuel_tele_altar, trog_hazing_becter, serial_shops,
          shop, minmay_misc_feat_secret_circle, minmay_ogre_servants,
          uniq_natasha
D:4:      layout_loops_ring, biasface_ghost_orc_armoury
D:5:      layout_rooms, serial_shops, nicolae_shop_trees, kennysheep_path_1,
          uniq_sigmund

Skill      XL: |  1  2  3  4  5  6  7 |
---------------+----------------------+-----
Conjurations   | 2 3 |  3.3
Invocations    | 1 2 3 |  3.5
Spellcasting   | 3 |  3.5
Slings         | 2 4 |  4.0
Fighting       | 1 |  1.0
Dodging        | |  2.0
Stealth        | |  2.0
Fire Magic     | |  3.2
Ice Magic      | |  0.6

Action                   |  1- 3 |  4- 6 |  7- 9 || total
-------------------------+-------+-------+-------++-------
Melee: Whip              |    16 |    39 |       ||    55
 Fire: Hunting sling     |       |    40 |    11 ||    51
 Cast: Foxfire           |    42 |   111 |    11 ||   164
Invok: Recite            |     1 |    12 |     3 ||    16
  Use: Potion            |       |     1 |       ||     1
       Scroll            |       |     7 |     1 ||     8
 Stab: Sleeping          |     1 |     3 |       ||     4
Armor: Robe              |     2 |    20 |       ||    22
Dodge: Dodged            |    13 |    71 |    13 ||    97

Table legend: (Time is in decaauts)
 A = Elapsed time spent in this place.
 B = Non-inter-level travel time spent in this place.
 C = Inter-level travel time spent in this place.
 D = Time resting spent in this place.
 E = Time spent auto-exploring this place.
 F = Levels seen in this place.
 G = Mean time per level.
                   A        B        C        D        E       F      G
               +--------+--------+--------+--------+--------+-----+--------+
         Total |   6226 |   5934 |    292 |   1145 |   4099 |   5 | 1245.2 |
       Dungeon |   6226 |   5934 |    292 |   1145 |   4099 |   5 | 1245.2 |
               +--------+--------+--------+--------+--------+-----+--------+

Top non-repeatable levels by time:
     D:3: 2131 daAuts
     D:4: 1931 daAuts
     D:1: 1042 daAuts
     D:2: 1027 daAuts
     D:5: 93 daAuts
